 Dungeon Crawl Stone Soup version 0.19.5 (webtiles) character file.

142 tryignan the Covered (level 5, 0/47 HPs)
             Began as a Minotaur Fighter on May 4, 2017.
             Slain by an ice beast (2 damage)
             ... on level 4 of the Dungeon.
             The game lasted 00:09:26 (1673 turns).

tryignan the Covered (Minotaur Fighter)             Turns: 1673, Time: 00:09:28

Health: 0/47       AC:  8    Str: 22    XL:     5   Next: 3%
Magic:  4/4        EV:  7    Int:  5    God:
Gold:   31         SH:  9    Dex:  9    Spells: 0 memorised, 4 levels left

rFire  . . .     SeeInvis .     a - +0 war axe
rCold  . . .     Gourm    .     b - +0 scale mail
rNeg   . . .     Faith    .     c - +0 shield
rPois  .         Spirit   .     (helmet restricted)
rElec  .         Reflect  .     (no cloak)
rCorr  .         Harm     .     (no gloves)
MR     .....                    (no boots)
Stlth  ..........               (no amulet)
                                (no ring)
                                e - +1 ring of protection

@: no status effects
A: retaliatory headbutt, horns 2
a: no special abilities


You were on level 4 of the Dungeon.
You were not hungry.

You visited 1 branch of the dungeon, and saw 5 of its levels.

You collected 31 gold pieces.

Inventory:

Hand Weapons
 a - a +0 war axe (weapon)
 g - a +0 club
 m - a +0 hand axe
 n - a +0 flail
 o - a +0 vampiric whip
Armour
 b - a +0 scale mail (worn)
 c - a +0 shield (worn)
 h - a +0 helmet
 j - a +0 ring mail
 p - a +0 robe
Jewellery
 e - a +1 ring of protection (left hand)
Scrolls
 l - 2 scrolls of remove curse
Potions
 d - 4 potions of might
 i - a potion of curing {unknown}
Comestibles
 f - a bread ration
 k - a meat ration


   Skills:
 * Level 4.5 Fighting
 + Level 4.1 Axes
 * Level 4.6 Armour
 + Level 4.5 Shields


You had 4 spell levels left.
You didn't know any spells.

Dungeon Overview and Level Annotations

Branches:
Dungeon (5/15)
 Temple: D:4-7

Altars:

Shops:
D:4 :

Annotations:
D:5 pimpchat's ghost, novice HOFi


Innate Abilities, Weirdness & Mutations

You reflexively headbutt those who attack you in melee.
You have a pair of horns on your head.


Message History

You block the ice beast's attack.
You hit the ice beast but do no damage.
You headbutt the ice beast, but do no damage.
The ice beast is severely wounded.
You block the ice beast's attack. The ice beast barely misses you.
You hit the ice beast.
The ice beast is almost dead.
The ice beast hits you. The ice beast freezes you!
* * * LOW HITPOINT WARNING * * *
You barely miss the ice beast. Your headbutt misses the ice beast.
The ice beast is almost dead.
The ice beast hits you but does no damage.
Your shield and scale mail prevent you from hitting the ice beast.
The ice beast is almost dead.
The ice beast hits you.
* * * LOW HITPOINT WARNING * * *
The ice beast freezes you!
* * * LOW HITPOINT WARNING * * *
The ice beast hits you.
You die...

#≈≈∩≈≈..#
##
#≈≈.≈≈#.#
#
##≈.≈.#.#
# ##.#.#.#
# #.#.#.#
# #.....#
# #.....#
#
#.###.###
# #@#
#...# #
#Y###.#.#
#
#.....#...
#######
#.# .# . #


You could see an ice beast.

Vanquished Creatures
  A scorpion (D:5)
  A howler monkey (D:5)
  4 gnolls (D:4)
  A shadow imp (D:4)
  2 giant cockroaches
  2 hobgoblins (D:1)
  A quokka (D:5)
  A kobold (D:1)
  A quokka skeleton (D:5)
  2 rats
16 creatures vanquished.

Notes
Turn   | Place    | Note
-------+----------+-------------------------------------------
     0 | D:1      | tryignan the Minotaur Fighter began the quest for the Orb.
     0 | D:1      | Reached XP level 1. HP: 19/19 MP: 0/0
  1013 | D:4      | Reached XP level 2. HP: 24/27 MP: 1/1
  1017 | D:4      | Reached XP level 3. HP: 23/33 MP: 2/2
  1240 | D:4      | Found Geneop's Book Shop.
  1290 | D:5      | Entered Level 5 of the Dungeon
  1330 | D:5      | Noticed a scorpion
  1340 | D:5      | Reached XP level 4. HP: 41/41 MP: 3/3
  1345 | D:5      | Reached XP level 5. HP: 33/47 MP: 4/4
  1349 | D:5      | Noticed pimpchat's ghost (novice HOFi)
  1663 | D:5      | Noticed an ice beast
  1673 | D:4      | HP: 2/47 [ice beast (8)]
  1673 | D:4      | Slain by an ice beast

Skill      XL: |  1  2  3  4 |
---------------+-------------+-----
Armour         | 4 |  4.6
Axes           | 3 4 |  4.1
Shields        | 4 |  4.5
Fighting       | 4 |  4.5

Action                   |  1- 3 |  4- 6 || total
-------------------------+-------+-------++-------
Melee: War axe           |    30 |    26 ||    56
       Headbutt          |     6 |     8 ||    14
  Use: Scroll            |     4 |       ||     4
  Eat: Bread ration      |     1 |       ||     1
Armor: Scale mail        |     9 |    11 ||    20
Dodge: Dodged            |    11 |     7 ||    18
Block: Shield            |    16 |    19 ||    35
